 Dungeon Crawl Stone Soup version 0.31-a0-167-g1c394c0614 (webtiles) character file.

Game seed: 781721299011877531

840 Newt the Skirmisher (level 8, -5/49 HPs)
             Began as a Kobold Hunter on June 14, 2023.
             Slain by a yak (12 damage)
             ... on level 5 of the Dungeon.
             The game lasted 00:04:23 (4460 turns).

Newt the Skirmisher (Kobold Hunter)                 Turns: 4460, Time: 00:04:24

Health: -5/49      AC:  9    Str:  8    XL:     8   Next: 19%
Magic:  8/8        EV: 17    Int: 11    God:
Gold:   238        SH:  0    Dex: 20    Spells: 7/7 levels left

rFire   . . .        a - +0 shortbow
rCold   . . .        (shield currently unavailable)
rNeg    . . .        c - +0 leather armour
rPois   .            m - +2 helmet
rElec   .            u - +1 cloak {Stlth+}
rCorr   .            d - +0 pair of gloves
SInv    +            (no boots)
Will    .....        (no amulet)
Stlth   ++++         g - ring of see invisible
HPRegen 0.28/turn    (no ring)
MPRegen 0.11/turn

%: no passive effects
@: no status effects
A: small, no large weapons, nightstalker 3
a: no special abilities


You were on level 5 of the Dungeon.
You visited 1 branch of the dungeon, and saw 5 of its levels.

You collected 285 gold pieces.
You spent 47 gold pieces at shops.

Inventory:

Hand Weapons
 a - a +0 shortbow (weapon)
 f - a +0 sling
Armour
 c - a +0 leather armour (worn)
 d - a +0 pair of gloves (worn)
 h - a +0 cloak
 m - a +2 helmet (worn)
 t - the +0 scale mail of Inevitability {rPois Will+++ Dex-3 SInv}
   (You found it on level 4 of the Dungeon)

   Dex:       It affects your dexterity (-3).
   rPois:     It protects you from poison.
   SInv:      It lets you see invisible.
   Will:      It greatly increases your willpower.
 u - a +1 cloak of stealth (worn)
Jewellery
 g - a ring of see invisible (left hand)
Wands
 p - a wand of iceblast (3)
Scrolls
 b - 2 scrolls of butterflies
 i - 5 scrolls of teleportation
 r - a scroll of fear
Potions
 e - a potion of haste
 j - 3 potions of heal wounds
 k - a potion of resistance
 l - 4 potions of curing {unknown}
 n - a potion of mutation {unknown}
 o - a potion of degeneration {unknown}
 q - a potion of enlightenment {unknown}
 s - 2 potions of magic {unknown}


   Skills:
 - Level 5.0 Fighting
 - Level 10.0 Ranged Weapons
 + Level 5.4 Dodging
 - Level 1.3 Stealth


You had 7 spell levels left.
You didn't know any spells.
Your spell library contained the following spells:

 Spells                   Type           Power      Damage    Failure   Level
 Apportation              Tloc           0%         N/A       45%         1
 Foxfire                  Conj/Fire      0%         2x1d4     45%         1
 Ensorcelled Hibernation  Hex/Ice        0%         N/A       61%         2
 Passwall                 Tmut/Erth      0%         N/A       61%         2
 Gell's Gravitas          Tloc           0%         N/A       83%         3
 Swiftness                Air            0%         N/A       83%         3
 Teleport Other           Tloc           0%         N/A       83%         3
 Alistair's Intoxication  Tmut/Pois      0%         N/A       100%        5
 Fireball                 Conj/Fire      0%         3d3       100%        5
 Dispersal                Tloc           0%         N/A       100%        6
 Plasma Beam              Fire/Air       0%         2x1d10    100%        6
 Starburst                Conj/Fire      0%         6d3       100%        6
 Chain Lightning          Conj/Air       0%         N/A       100%        9
 Fire Storm               Conj/Fire      0%         5d1       100%        9
 Shatter                  Erth           0%         3d5*      100%        9


Dungeon Overview and Level Annotations

Branches:
Dungeon (5/15)
 Temple: D:4-7

Altars:
Yredelemnul

Shops:
D:2 !*


Innate Abilities, Weirdness & Mutations

You are small and have problems with some larger weapons.
You are completely attuned to the shadows.


Message History

The yak is heavily wounded.
You shoot an arrow. The arrow barely misses the yak.
The arrow hits the yak!
The yak is heavily wounded.
The yak misses you.
You shoot an arrow. The arrow hits the yak.
The yak is severely wounded.
The yak gores you.
You shoot an arrow.
The arrow hits the yak but does no damage.
The yak is severely wounded.
The yak gores you but does no damage.
You shoot an arrow. The arrow hits the yak.
The yak is severely wounded.
The yak gores you!
* * * LOW HITPOINT WARNING * * *
You shoot an arrow. The arrow hits the yak!
You kill the yak!
Your Dodging skill increases to level 5!
You have reached level 8!
You shoot an arrow. The arrow hits the yak.
The yak is severely wounded.
The yak gores you but does no damage.
You shoot an arrow. The arrow barely misses the yak.
The yak gores you.
* * * LOW HITPOINT WARNING * * *
You shoot an arrow. The arrow barely misses the yak.
The yak completely misses you.
Unknown command.
You shoot an arrow. The arrow hits the yak!
The yak is severely wounded.
The yak barely misses you.
Unknown command.
You shoot an arrow.
The arrow hits the yak but does no damage.
The yak is severely wounded.
The yak misses you.
Unknown command.
You shoot an arrow. The arrow hits the yak.
The yak is almost dead.
The yak gores you!
You die...

#.#.# #.#.#
######...#
#......#.##
#.######..#
#.# #..###
#.# #....##
##### #.#
#.##..#
#..)# #.#
#.###@#
#...# #.#
#. #Y#
#...# #.#
#.........
##)## #
##.####
####.>...
##.# #
#......
.#.##. #.##
# #.....# .
.# ##.# #
#.....#
#.## #
#.....#
##.## #
#.....#
#...## #


You could see a yak.

Vanquished Creatures
  Sigmund (D:2)
  2 yaks (D:5)
  A crimson imp (D:4)
  A jelly (D:4)
  Crazy Yiuf (D:5)
  A sleepcap (D:4)
  An iguana (D:3)
  An orc wizard (D:4)
  Robin (D:4)
  A gnoll (D:1)
  7 adders
  A white imp (D:4)
  A worm (D:2)
  12 dart slugs
  10 orcs
  11 endoplasms
  2 giant cockroaches (D:1)
  14 goblins
  10 hobgoblins
  8 jackals
  2 kobolds (D:3)
  2 quokkas
  4 ball pythons
  6 bats
  3 frilled lizards
  4 rats
108 creatures vanquished.

Notes
Turn   | Place    | Note
-------+----------+-------------------------------------------
     0 | D:1      | Newt the Kobold Hunter began the quest for the Orb.
     0 | D:1      | Reached XP level 1. HP: 12/12 MP: 1/1
    89 | D:1      | Reached XP level 2. HP: 14/18 MP: 2/2
   313 | D:1      | Reached XP level 3. HP: 23/23 MP: 3/3
   953 | D:2      | Found a basalt altar of Yredelemnul.
   968 | D:2      | Reached XP level 4. HP: 16/30 MP: 4/4
  1057 | D:2      | Noticed Sigmund
  1062 | D:2      | Killed Sigmund
  1063 | D:2      | Reached skill level 5 in Fighting
  1063 | D:2      | Reached skill level 7 in Ranged Weapons
  1063 | D:2      | Reached XP level 5. HP: 17/35 MP: 5/5
  1063 | D:2      | Reached XP level 6. HP: 19/40 MP: 6/6
  1274 | D:2      | Found Kyweoteff's Assorted Antiques.
  1279 | D:2      | Bought a scroll labelled UNUOMI DUUBA for 17 gold pieces
  1279 | D:2      | Bought a metallic blue potion for 15 gold pieces
  1279 | D:2      | Bought a viscous ruby potion for 15 gold pieces
  1521 | D:2      | Found Borpheosm's Distillery.
  2091 | D:3      | Reached skill level 8 in Ranged Weapons
  2638 | D:4      | Noticed Robin
  2653 | D:4      | Killed Robin
  3088 | D:4      | Reached XP level 7. HP: 44/44 MP: 7/7
  3195 | D:4      | Reached skill level 9 in Ranged Weapons
  3642 | D:4      | Identified the +0 scale mail of Inevitability {rPois
                  | Will+++ Dex-3 SInv}
  4108 | D:5      | Entered Level 5 of the Dungeon
  4172 | D:5      | Found a runed translucent door.
  4175 | D:5      | Noticed Crazy Yiuf
  4183 | D:5      | Killed Crazy Yiuf
  4425 | D:5      | Noticed a yak
  4426 | D:5      | Noticed a yak
  4427 | D:5      | Noticed a yak
  4443 | D:5      | Killed a yak
  4444 | D:5      | Reached skill level 10 in Ranged Weapons
  4454 | D:5      | Killed a yak
  4455 | D:5      | Reached skill level 5 in Dodging
  4455 | D:5      | Reached XP level 8. HP: 9/49 MP: 8/8
  4460 | D:5      | Slain by a yak

Illustrated notes

Levels and vault maps discovered:
D:1:      nzn_arrival_settlement, layout_loops_ring, minmay_misc_feat_rows
D:2:      layout_basic, serial_shops, shop, shop, basic_altar, uniq_sigmund
D:3:      kennysheep_slugbush, layout_loops_ring, st_stairs_11
D:4:      layout_basic, minmay_fire_ice_demons, uniq_robin
D:5:      layout_basic, serial_shops, nicolae_shop_overgrown_old_shop,
          nicolae_goblin_pals, uniq_crazy_yiuf_cottage

Skill      XL: |  1  2  3  4  5  6  7 |
---------------+----------------------+-----
Fighting       | 3 4 5 |  5.0
Ranged Weapons | 7 8 10 | 10.0
Dodging        | 5 |  5.4
Stealth        | |  1.3

Action                     |  1- 3 |  4- 6 |  7- 9 || total
---------------------------+-------+-------+-------++-------
   Fire: Shortbow          |    74 |   163 |   110 ||   347
    Use: Scroll            |     1 |     5 |     1 ||     7
 Armour: Leather armour    |     9 |    33 |    15 ||    57
  Dodge: Dodged            |    38 |    85 |    44 ||   167

Table legend: (Time is in decaauts)
 A = Elapsed time spent in this place.
 B = Non-inter-level travel time spent in this place.
 C = Inter-level travel time spent in this place.
 D = Time resting spent in this place.
 E = Time spent auto-exploring this place.
 F = Levels seen in this place.
 G = Mean time per level.
                   A        B        C        D        E       F      G
               +--------+--------+--------+--------+--------+-----+--------+
         Total |   4483 |   4301 |    182 |    483 |   3238 |   5 |  896.6 |
       Dungeon |   4483 |   4301 |    182 |    483 |   3238 |   5 |  896.6 |
               +--------+--------+--------+--------+--------+-----+--------+

Top non-repeatable levels by time:
     D:4: 1151 daAuts
     D:3: 1137 daAuts
     D:1: 960 daAuts
     D:2: 885 daAuts
     D:5: 349 daAuts
